 Dungeon Crawl Stone Soup version 0.27-a0-1308-gc08437e49b (webtiles) character file.

Game seed: 7504318863758106524

15180 freelancePsychic the Severer (level 12, 0/110 HPs)
             Began as a Hill Orc Gladiator on June 18, 2021.
             Was a High Priest of Beogh.
             Slain by a fire elemental (1 damage)
             ... in a volcano.
             The game lasted 00:35:54 (13671 turns).

freelancePsychic the Severer (Hill Orc Gladiator)  Turns: 13671, Time: 00:35:55

Health: 0/110      AC: 20    Str: 22    XL:     12   Next: 24%
Magic:  19/19      EV:  7    Int:  8    God:    Beogh [*****.]
Gold:   840        SH:  0    Dex: 12    Spells: 11/11 levels left

rFire    . . .     SeeInvis .   b - +1 broad axe (drain)
rCold    . . .     Faith    +   (no shield)
rNeg     . . .     Spirit   .   z - +0 plate armour
rPois    +         Reflect  .   c - +1 helmet
rElec    .         Harm     .   E - +2 cloak {rPois}
rCorr    .         Rampage  .   A - +0 pair of gloves
Will     .....                  (no boots)
Stlth    ..........             r - amulet of faith
HPRegen  0.28/turn              (no ring)
MPRegen  0.16/turn              (no ring)

@: no status effects
A: walk on water
a: Renounce Religion, Smiting, Recall Orcish Followers, Give Item to Named
Follower


You were in a volcano.
You worshipped Beogh.
Beogh was extremely pleased with you.
You visited 2 branches of the dungeon, and saw 12 of its levels.
You also visited: Volcano.

You collected 1956 gold pieces.
You spent 1116 gold pieces at shops.

Inventory:

Hand Weapons
 a - the +6 executioner's axe of Untruth {freeze, Str+4 Stlth+}
   (You acquired it on level 7 of the Dungeon)

   It has been specially enchanted to freeze those struck by it, causing extra
   injury to most foes and up to half again as much damage against particularly
   susceptible opponents.
   It can also slow down cold-blooded creatures.
   It affects your strength (+4).
   It makes you more stealthy.
 b - a +1 broad axe of draining (weapon)
Missiles
 d - 5 throwing nets
 h - 6 atropa-tipped darts
 j - 225 stones
 o - 16 boomerangs (quivered)
 x - 5 silver javelins
Armour
 c - a +1 helmet (worn)
 f - a +0 chain mail
 l - the +1 ring mail "Cuner" {rPois}
   (You found it on level 5 of the Dungeon)

   It protects you from poison.
 z - a +0 plate armour (worn)
 A - a +0 pair of gloves (worn)
 E - a +2 cloak of poison resistance (worn)
Jewellery
 q - a ring of ice
 r - an amulet of faith (around neck)
 I - a ring of wizardry
Wands
 t - a wand of flame (23)
 C - a wand of digging (6)
 D - a wand of charming (5)
 L - a wand of polymorph (12)
Scrolls
 v - 3 scrolls of teleportation {@r4}
 B - 3 scrolls of vulnerability
Potions
 e - 5 potions of resistance {unknown}
 g - 2 potions of degeneration {unknown}
 i - 2 potions of haste {unknown}
 k - 3 potions of attraction {unknown}
 m - 5 potions of brilliance {unknown}
 n - 2 potions of mutation
 p - 4 potions of might {unknown}
 s - a potion of magic {unknown}
 w - 2 potions of ambrosia {unknown}
 F - 2 potions of lignification
Miscellaneous
 G - a lightning rod (4/4)


   Skills:
 + Level 11.6 Fighting
 - Level 19.2 Axes
 - Level 1.9 Throwing
 + Level 8.1 Armour
 - Level 2.5 Dodging
 + Level 10.5 Invocations


You had 11 spell levels left.
You didn't know any spells.
Your spell library contained the following spells:

 Spells                   Type           Power      Damage    Failure   Level
 Animate Skeleton         Necr           0%         N/A       100%        1
 Apportation              Tloc           0%         N/A       100%        1
 Beastly Appendage        Tmut           0%         N/A       100%        1
 Corona                   Hex            0%         N/A       100%        1
 Magic Dart               Conj           0%         1d3       100%        1
 Shock                    Conj/Air       0%         1d3       100%        1
 Summon Small Mammal      Summ           0%         N/A       100%        1
 Blink                    Tloc           N/A        N/A       100%        2
 Call Imp                 Summ           0%         N/A       100%        2
 Slow                     Hex            0%         N/A       100%        2
 Static Discharge         Conj/Air       0%         N/A       100%        2
 Wereblood                Tmut           0%         N/A       100%        2
 Call Canine Familiar     Summ           0%         N/A       100%        3
 Conjure Flame            Conj/Fire      0%         6-21      100%        3
 Mephitic Cloud           Conj/Pois/Air  0%         N/A       100%        3
 Spider Form              Tmut/Pois      0%         N/A       100%        3
 Summon Guardian Golem    Hex/Summ       0%         N/A       100%        3
 Swiftness                Air            0%         N/A       100%        3
 Airstrike                Air            0%         N/A       100%        4
 Ice Form                 Ice/Tmut       0%         N/A       100%        4
 Summon Ice Beast         Ice/Summ       0%         N/A       100%        4
 Summon Lightning Spire   Summ/Air       0%         N/A       100%        4
 Lightning Bolt           Conj/Air       0%         1d11      100%        5


Dungeon Overview and Level Annotations

Branches:
Dungeon (11/15)            Temple (0/1) D:5            Lair (1/6) D:11
    Orc (0/2) D:9         Volcano (1/1)

Altars:
Wu Jian
Beogh

Shops:
D:1 :   D:3 ?:=*   D:6 [   D:11 [*=

Annotations:
D:4 1 runed translucent door, Crazy Yiuf


Message History

Blink to where?
Press: ? - help, Dir - move target
As you read the scroll of blinking, it crumbles to dust.
You are engulfed in blazing flames.
The fire elemental hits you. The fire elemental burns you!
There is an open door here.
The fire elemental hits you. The fire elemental burns you!
You are engulfed in blazing flames.
* * * LOW HITPOINT WARNING * * *
The efreet gestures at you.
The fireball explodes!
The fireball engulfs you!
* * * LOW HITPOINT WARNING * * *
The fireball engulfs the fire elemental.
The fire elemental completely resists.
You feel much better. The fire elemental barely misses you.
The fire elemental hits you. The fire elemental burns you!
* * * LOW HITPOINT WARNING * * *
You slash the fire elemental!
The fire elemental is heavily damaged.
The fire elemental barely misses you.
You feel better. The efreet gestures at you.
The fireball explodes!
The fireball engulfs you.
* * * LOW HITPOINT WARNING * * *
The fireball engulfs the fire elemental.
The fire elemental completely resists.
The fire elemental closely misses you. The efreet gestures at you.
The fireball explodes!
The fireball engulfs the fire elemental.
The fire elemental completely resists.
The fireball engulfs you.
* * * LOW HITPOINT WARNING * * *
You see here a +3 scimitar of flaming.
The fire elemental hits you. The fire elemental burns you!
* * * LOW HITPOINT WARNING * * *
There is an open door, spattered with blood here.
You feel better. The fire vortex hits you. The fire vortex burns you!
* * * LOW HITPOINT WARNING * * *
The fire vortex dissipates!
The fire elemental hits you. The fire elemental burns you!
You die...

###'# ##°#
###.☼##
##..≈R≈#
#°..≈≈°#
#°°≈≈≈°##
#..☼≈≈≈°#
###)E○≈##
##@###+##
##..#.#..##
##.........#
#..§∩...∩...
##...≈≈....#
#§°§≈≈≈°≈≈#
##°°≈≈≈≈°##
#########


You could see an efreet and a fire elemental.

Vanquished Creatures
  Gastronok (D:9)
  Snorg (D:11)
  2 two-headed ogres (D:11)
  Pikel (D:5)
  Maurice (D:9)
  A gargoyle (D:10)
  Maggie (D:9)
  Psyche (D:9)
  A cane toad (Lair:1)
  2 efreet (Volcano)
  A komodo dragon (D:11)
  A hornet (D:7)
  Sigmund (D:6)
  2 wyverns
  20 yaks
  A human (D:9)
  A fire elemental (Volcano)
  A basilisk (Lair:1)
  4 wargs
  2 acid dragons
  4 water moccasins
  A hornet zombie (D:7)
  2 ice beasts
  2 sky beasts
  7 orc warriors
  An ogre (D:6)
  3 centaurs
  A necrophage (D:4)
  2 lemures (D:5)
  A kobold brigand (D:7)
  4 bullfrogs
  A gnoll sergeant (D:7)
  2 wyvern skeletons
  9 killer bees
  2 howler monkeys (D:11)
  An electric eel (D:10)
  6 centaur zombies
  4 hounds
  2 bullfrog zombies
  A jelly (D:5)
  A gnoll shaman (D:4)
  7 orc priests
  A centaur skeleton (D:4)
  2 iguanas (D:5)
  7 orc wizards
  A killer bee zombie (D:5)
  A hound skeleton (D:4)
  A howler monkey zombie (D:7)
  A howler monkey skeleton (D:6)
  14 gnolls
  3 adders
  2 shadow imps (D:6)
  3 worms
  3 dart slugs
  28 orcs
  6 bats
  8 endoplasms
  2 giant cockroaches
  A hobgoblin (D:1)
  8 jackals (D:1)
  11 kobolds
  5 quokkas
  11 ball pythons
  5 frilled lizards
  5 goblins
  A quokka skeleton (D:4)
  7 rats
247 creatures vanquished.

Vanquished Creatures (collateral kills)
  A shadow (D:9)
  2 yaks (Lair:1)
  A warg (D:10)
  2 water moccasins (Lair:1)
  4 orc warriors
  3 orc priests
  2 orc wizards (D:10)
  4 orcs
  A bush (Lair:1)
20 creatures vanquished.

Vanquished Creatures (others)
  An orc warrior (D:9)
  2 orc priests
  A hound (D:4)
  A centaur skeleton (D:4)
  18 orcs
  A ball python (D:4)
  A goblin (D:4)
  A bush (D:10)
  5 fire vortices (Volcano)
  2 fungi (Lair:1)
  A plant (Lair:1)
34 creatures vanquished.

Grand Total: 301 creatures vanquished

Notes
Turn   | Place    | Note
-------+----------+-------------------------------------------
     0 | D:1      | freelancePsychic the Hill Orc Gladiator began the quest for
                  | the Orb.
     0 | D:1      | Reached XP level 1. HP: 18/18 MP: 1/1
    22 | D:1      | Reached XP level 2. HP: 21/25 MP: 2/2
   463 | D:1      | Reached skill level 5 in Axes
   463 | D:1      | Reached XP level 3. HP: 24/30 MP: 3/3
   485 | D:1      | Found Kaiphuerph's Book Boutique.
   944 | D:2      | Identified a scroll of acquirement
   944 | D:2      | Acquired a manual of Axes
   987 | D:2      | Reached skill level 6 in Axes
   987 | D:2      | Reached XP level 4. HP: 18/37 MP: 4/4
  1308 | D:2      | Found a faded altar of an unknown god.
  1855 | D:3      | Found Laotiv's Book Emporium.
  1932 | D:3      | Found Xapops's Magic Scroll Boutique.
  1951 | D:3      | Reached skill level 7 in Axes
  2070 | D:3      | You fall into a shaft and drop 3 floors!
  2089 | D:6      | Noticed a bullfrog
  2096 | D:5      | Entered Level 5 of the Dungeon
  2113 | D:5      | Reached skill level 8 in Axes
  2113 | D:5      | Reached XP level 5. HP: 24/42 MP: 5/5
  2241 | D:5      | Identified the +3 hand axe of Instant Death {vorpal,
                  | *Corrode rF+ rC+ rN++}
  2493 | D:5      | Reached skill level 9 in Axes
  2579 | D:5      | Identified the +1 ring mail "Cuner" {rPois}
  2613 | D:5      | Reached XP level 6. HP: 32/51 MP: 6/6
  2754 | D:5      | Reached skill level 10 in Axes
  2774 | D:5      | Noticed a sky beast
  2859 | D:4      | Became a worshipper of Beogh the Brigand
  3052 | D:4      | Noticed a sky beast
  3077 | D:4      | Killed a sky beast
  3078 | D:4      | Reached skill level 11 in Axes
  3078 | D:4      | Reached skill level 1 in Invocations
  3078 | D:4      | Reached XP level 7. HP: 42/60 MP: 6/8
  3449 | D:3      | Reached * piety under Beogh
  3509 | D:3      | Found Acekorum's Assorted Antiques.
  3683 | D:3      | Found Jaem's Jewellery Shop.
  3899 | D:4      | Acquired 1239 gold pieces
  3941 | D:3      | Bought a scroll of acquirement for 676 gold pieces
  3941 | D:3      | Acquired a +1 broad axe of draining
  4046 | D:4      | Reached skill level 12 in Axes
  4154 | D:3      | Bought an amulet of faith for 440 gold pieces
  4446 | D:4      | Found a runed translucent door.
  4447 | D:4      | Noticed Crazy Yiuf
  4473 | D:4      | You fall into a shaft and drop 3 floors!
  4674 | D:7      | Noticed a steam dragon
  4692 | D:6      | Reached skill level 5 in Fighting
  4696 | D:6      | Reached XP level 8. HP: 41/68 MP: 10/10
  4700 | D:6      | Reached skill level 13 in Axes
  5285 | D:5      | Reached skill level 14 in Axes
  5720 | D:5      | Noticed Pikel
  5740 | D:5      | Killed Pikel
  5741 | D:5      | Reached skill level 16 in Axes
  5741 | D:5      | Reached XP level 9. HP: 61/75 MP: 12/12
  5817 | D:5      | Found a staircase to the Ecumenical Temple.
  5885 | D:6      | Reached skill level 17 in Axes
  6065 | D:6      | Found Jianki's Armour Emporium.
  6219 | D:6      | Noticed Sigmund
  6232 | D:6      | Killed Sigmund
  6833 | D:7      | Noticed a hornet
  6841 | D:7      | Killed a hornet
  6841 | D:7      | Reached ** piety under Beogh
  6842 | D:7      | Acquired the +6 executioner's axe of Untruth {freeze, Str+4
                  | Stlth+}
  7186 | D:7      | Reached skill level 18 in Axes
  7658 | D:8      | Reached skill level 1 in Armour
  7658 | D:8      | Reached XP level 10. HP: 61/88 MP: 13/13
  8032 | D:8      | Reached skill level 5 in Invocations
  8092 | D:8      | Reached *** piety under Beogh
  8600 | D:8      | Found an ornate altar of the Wu Jian Council.
  8919 | D:8      | Found a roughly hewn altar of Beogh.
  9183 | D:9      | Found a staircase to the Orcish Mines.
  9190 | D:9      | Killed Psyche
  9576 | D:9      | Noticed Maggie
  9586 | D:9      | Killed Maggie
  9846 | D:9      | Noticed Maurice
  9852 | D:9      | Killed Maurice
  9960 | D:9      | Noticed Gastronok
  9971 | D:9      | Killed Gastronok
  9972 | D:9      | Reached skill level 5 in Armour
  9972 | D:9      | Reached XP level 11. HP: 67/99 MP: 14/16
 10363 | D:10     | Entered Level 10 of the Dungeon
 10498 | D:10     | Reached skill level 10 in Fighting
 10920 | D:10     | Reached skill level 19 in Axes
 10934 | D:10     | Reached **** piety under Beogh
 11148 | D:11     | Noticed Snorg
 11154 | D:11     | Killed Snorg
 11207 | D:11     | Gained Morguth as an ally
 11365 | D:11     | Found Arhych Kony's Jewellery Boutique.
 11471 | D:11     | Found Caebufuk's Antique Armour Shoppe.
 11860 | D:11     | Noticed a two-headed ogre
 11867 | D:11     | Killed a two-headed ogre
 12036 | D:11     | Noticed a two-headed ogre
 12041 | D:11     | Killed a two-headed ogre
 12042 | D:11     | Reached skill level 10 in Invocations
 12042 | D:11     | Reached XP level 12. HP: 103/110 MP: 19/19
 12141 | D:11     | Found Odateo's General Store.
 12234 | D:11     | Found a staircase to the Lair.
 12727 | Lair:1   | Entered Level 1 of the Lair of Beasts
 12848 | Lair:1   | Reached ***** piety under Beogh
 13154 | Lair:1   | Found a dark tunnel.
 13164 | Volcano  | Entered a volcano
 13665 | Volcano  | HP: 5/110 [efreet/fireball (15)]
 13670 | Volcano  | HP: 3/110 [fire elemental (7)]
 13671 | Volcano  | HP: 1/110 [fire vortex (11)]
 13671 | Volcano  | Slain by a fire elemental

Illustrated notes

Levels and vault maps discovered:
D:1:      lightli_arrival_maybe_door_vault, layout_basic, serial_shops,
          nicolae_diamond_shop, minmay_circled_x
D:2:      cheibrodos_helix_gallery, layout_basic,
          ebering_ecumenical_altar_abandoned
D:3:      layout_basic, serial_shops, shop, shop, nicolae_shop_waterfront,
          shop_fountains
D:4:      layout_loops_ring, uniq_crazy_yiuf_cottage
D:5:      layout_cave_pools, temple_hall, uniq_pikel
D:6:      layout_basic, serial_shops, nicolae_shop_stone, uniq_sigmund
D:7:      layout_basic
D:8:      layout_basic, nicolae_wu_jian_immortal_techniques, special_room
          [special_room_orc]
D:9:      layout_loops_cross, erik_orc_4, uniq_maggie, uniq_gastronok,
          uniq_psyche, uniq_maurice
D:10:     layout_basic, corexii_leaking_fountain, kb_lookout_dungeons_type,
          st_stairs_3, nooodl_orcs_dogs
D:11:     layout_roguey, lair_entry_dummy, serial_shops, kennysheep_mini, shop,
          nicolae_take_the_stairs, uniq_snorg
Lair:1:   layout_roguey, enter_volcano_2, grunt_megastairs_1
Volcano:  volcano_aerie

Skill      XL: |  1  2  3  4  5  6  7  8  9 10 11 12 |
---------------+-------------------------------------+-----
Axes           | 5 6 8 9 11 12 16 18 19 | 19.2
Fighting       | 3 4 5 6 7 9 11 | 11.6
Invocations    | 1 3 4 7 10 | 10.5
Armour         | 1 5 7 8 |  8.1
Throwing       | |  1.9
Dodging        | |  2.5

Action                   |  1- 3 |  4- 6 |  7- 9 | 10-12 || total
-------------------------+-------+-------+-------+-------++-------
Melee: War axe           |   104 |   104 |    67 |       ||   275
       Broad axe         |       |       |   156 |    82 ||   238
       Executioner's axe |       |       |    40 |   157 ||   197
Throw: Boomerang         |       |       |     7 |       ||     7
Invok: Convert to Beogh  |       |     1 |       |       ||     1
       Smiting           |       |       |       |     3 ||     3
       Recall Orcish Fol |       |       |       |     1 ||     1
       Stop Recall       |       |       |       |     1 ||     1
  Use: Scroll            |     3 |     2 |     8 |     8 ||    21
       Potion            |       |       |     5 |     5 ||    10
 Stab: Distracted        |       |       |       |     2 ||     2
Armor: Leather armour    |    38 |    17 |       |       ||    55
       Ring mail         |       |    15 |    67 |       ||    82
       Skin              |       |       |    36 |    11 ||    47
       Chain mail        |       |       |       |    16 ||    16
       Plate armour      |       |       |       |    86 ||    86
Dodge: Dodged            |   113 |    86 |   138 |    68 ||   405

Table legend: (Time is in decaauts)
 A = Elapsed time spent in this place.
 B = Non-inter-level travel time spent in this place.
 C = Inter-level travel time spent in this place.
 D = Time resting spent in this place.
 E = Time spent auto-exploring this place.
 F = Levels seen in this place.
 G = Mean time per level.
                   A        B        C        D        E       F      G
               +--------+--------+--------+--------+--------+-----+--------+
         Total |  13722 |  12947 |    775 |   2674 |   7527 |  13 | 1055.5 |
       Dungeon |  12796 |  12021 |    775 |   2259 |   7527 |  11 | 1163.3 |
          Lair |    422 |    422 |      0 |      0 |      0 |   1 |  422.0 |
       Volcano |    502 |    502 |      0 |    415 |      0 |   1 |  502.0 |
               +--------+--------+--------+--------+--------+-----+--------+

Top non-repeatable levels by time:
     D:6: 1524 daAuts
     D:8: 1490 daAuts
     D:9: 1340 daAuts
     D:7: 1324 daAuts
    D:11: 1281 daAuts
     D:5: 1265 daAuts
     D:4: 1222 daAuts
     D:1: 964 daAuts
     D:2: 916 daAuts
    D:10: 778 daAuts
     D:3: 687 daAuts
 Volcano: 502 daAuts
  Lair:1: 422 daAuts
